 Dungeon Crawl Stone Soup version 0.31.0-11-ge490571c62 (webtiles) character file.

Game seed: 15662708526491864392

32 Arcadio the Cudgeller (level 3, -4/23 HPs)
             Began as a Gargoyle Gladiator on Feb 3, 2024.
             Slain by Sigmund
             ... wielding a +0 scythe
              (6 damage)
             ... on level 2 of the Dungeon.
             The game lasted 00:01:22 (1060 turns).

Arcadio the Cudgeller (Gargoyle Gladiator)          Turns: 1060, Time: 00:01:22

Health: -4/23      AC:  9    Str: 19    XL:     3   Next: 25%
Magic:  3/3        EV: 11    Int:  8    God:
Gold:   68         SH:  0    Dex: 11    Spells: 2/2 levels left

rFire   . . .        h - +2 short sword (drain)
rCold   . . .        (no shield)
rNeg    + . .        m - +0 ring mail
rPois   ∞            c - +0 helmet
rElec   +            (no cloak)
rCorr   .            (no gloves)
SInv    .            (no boots)
Will    .....        (no amulet)
Stlth   +            (no ring)
HPRegen 0.23/turn    (no ring)
MPRegen 0.08/turn

%: no passive effects
@: no status effects
A: sickness immunity, AC +3, negative energy resistance 1, electricity
resistance, torment resistance 1, petrification resistance
a: no special abilities


You were on level 2 of the Dungeon.
You visited 1 branch of the dungeon, and saw 2 of its levels.

You collected 68 gold pieces.

Inventory:

Hand Weapons
 a - a +0 flail
 h - a +2 short sword of draining (weapon)
Missiles
 d - 3 throwing nets (quivered)
 e - a javelin
Armour
 b - a +0 leather armour
 c - a +0 helmet (worn)
 m - a +0 ring mail (worn)
Scrolls
 i - a scroll of immolation {unknown}
 j - a scroll of blinking {unknown}
 k - a scroll of fog {unknown}
 l - a scroll of poison {unknown}
 n - a scroll of vulnerability {unknown}
 o - a scroll of identify {unknown}
Potions
 f - a potion of mutation {unknown}
 g - a potion of heal wounds {unknown}


   Skills:
 + Level 3.0 Fighting
 + Level 3.4 Maces & Flails
 - Level 1.7 Throwing
 + Level 1.5 Armour
 - Level 2.4 Dodging


You had 2 spell levels left.
You didn't know any spells.
Your spell library was empty.

Dungeon Overview and Level Annotations

Branches:
Dungeon (2/15)

Altars:
Cheibriados

Annotations:
D:2 Sigmund


Innate Abilities, Weirdness & Mutations

You are immune to sickness and miasma.
Your stone body is resilient. (AC +3)
You are immune to poison.
You resist negative energy. (rN+)
You are resistant to electric shocks. (rElec)
You are resistant to unholy torment.
You are immune to petrification.


Message History

a +0 club; a goblin corpse You open the door.
There is an open door here.
You open the door.
There is an open door here.
You open the door.
There is an open door here.
There is an open door here.
There is an open door here.
A ball python comes into view.
The ball python hisses angrily.
You hit the ball python.
You kill the ball python!
Your Fighting skill increases to level 3!
You now have 68 gold pieces (gained 14).
Sigmund and a rat come into view.
The rat squeaks loudly.
Sigmund casts a spell.
Sigmund flickers and vanishes!
Deactivating autopickup; reactivate with Ctrl-A.
The rat bites you but does no damage.
You closely miss the rat. Something completely misses you.
The rat twitches its whiskers.
The rat barely misses you.
You hit the rat.
You kill the rat!
Something hits you.
You hit something but do no damage. Something hits you.
You closely miss something. You miss something.
You hear some strange, mumbled words.
A puff of flame appears from out of thin air!
The puff of flame hits you.
You hit something. Something hits you.
You completely miss something. Something hits you!
You closely miss something. You hit something. Something hits you.
* * * LOW HITPOINT WARNING * * *
You hit something. Something hits you.
You die...

.. #. ... #. ..########### #.
.. .......{@..# # #.####. #
#..######.#.#. #.#..#.
#.#.....>.....#.# #.#..#.
#.#.........#....###.#..#.
#............)............
#.#+###.#######.#.#...##.##.##
#...............#.#.#.........
#.....#.#.####### # ###...#...
#....<#.#...# #...####


There were no monsters in sight!

Vanquished Creatures
  4 ball pythons
  2 endoplasms (D:1)
  4 goblins
  A hobgoblin (D:2)
  6 jackals (D:1)
  2 quokkas (D:2)
  3 frilled lizards
  4 kobolds
  3 rats
29 creatures vanquished.

Notes
Turn   | Place    | Note
-------+----------+-------------------------------------------
     0 | D:1      | Arcadio the Gargoyle Gladiator began the quest for the Orb.
     0 | D:1      | Reached XP level 1. HP: 12/12 MP: 1/1
   172 | D:1      | Reached XP level 2. HP: 17/18 MP: 2/2
   213 | D:1      | Reached skill level 1 in Armour
   773 | D:2      | Reached XP level 3. HP: 20/22 MP: 3/3
   831 | D:2      | Found a snail-covered altar of Cheibriados.
  1048 | D:2      | Noticed Sigmund
  1060 | D:2      | Slain by Sigmund

Illustrated notes

Levels and vault maps discovered:
D:1:      ncdulo_watergridlock, layout_loops_ring,
          chequers_serial_rivers_micro_b
D:2:      layout_basic, basic_altar, dreamdust_mushroom_princess, uniq_sigmund

Skill      XL: |  1  2  3 |
---------------+----------+-----
Armour         | 1 |  1.5
Fighting       | 3 |  3.0
Maces & Flails | |  3.4
Throwing       | |  1.7
Dodging        | |  2.4

Action                     || total
---------------------------++-------
  Melee: Flail             ||    24
         Short sword       ||    62
   Stab: Sleeping          ||     1
 Armour: Leather armour    ||    37
         Ring mail         ||    12
  Dodge: Dodged            ||    60
